 Dungeon Crawl Stone Soup version 0.30-a0-469-g84de5afbc5 (webtiles) character file.

Game seed: 17423223400200200127

1450716 cforsyth the Invulnerable (level 27, 260/260 HPs)
             Began as an Armataur Gladiator on Dec 19, 2022.
             Was a High Priest of Okawaru.
             Escaped with the Orb
             ... and 3 runes on Dec 20, 2022!
             The game lasted 03:34:14 (99512 turns).

cforsyth the Invulnerable (Armataur Gladiator)     Turns: 99512, Time: 03:34:14

Health: 260/260    AC: 47    Str: 25    XL:     27
Magic:  39/39      EV:  5    Int: 16    God:    Okawaru [*****.]
Gold:   6706       SH: 33    Dex: 18    Spells: 41/51 levels left

rFire   + + +      SeeInvis +    D - +9 eveningstar (vorpal)
rCold   + + .      Faith    .    Q - +8 tower shield of Qaissuti {Rampage Dex+2}
rNeg    + . .      Spirit   .    y - +10 gold dragon scales
rPois   +          Reflect  +    V - +0 hat {Will+}
rElec   +          Harm     +    R - scarf {rC+ rF+}
rCorr   +          Roll     +    W - +1 pair of gloves {Dex+3}
Will    +++++                    c - +2 barding of the Bull {Harm Will+++ rCorr Int-2}
Stlth   ..........               o - amulet of Nobility {Reflect rElec Str-4 Int+10 SH+5}
HPRegen 0.63/turn                L - ring of Exhibitionism {Wiz rF+ rCorr SInv}
MPRegen 0.26/turn                l - ring "Ydecu" {rN+ Will+}

@: studying Necromancy
A: large, rugged brown scales 3, deformed body, armoured tail, roll, long
tongue, awkward tongue, hooves 1, deterioration 1, dopey 1, frail 1, weak 1
0: Orb of Zot
}: 3/15 runes: decaying, serpentine, silver
a: Renounce Religion, Heroism, Finesse, Duel


You escaped.
You worshipped Okawaru.
Okawaru was extremely pleased with you.
You visited 10 branches of the dungeon, and saw 48 of its levels.
You also visited: Bailey and Ice Cave.

You collected 11789 gold pieces.
You spent 5083 gold pieces at shops.

Inventory:

Hand Weapons
 b - the +10 shortbow "Imp's Curse" {speed, rCorr}
   (You took it off a spriggan in a bailey)

   Attacks with this weapon are significantly faster.
   rCorr:     It protects you from acid and corrosion.
 D - a +9 vorpal eveningstar (weapon)
 Y - a +5 eveningstar of venom
Missiles
 e - 7 silver javelins
Armour
 a - a +1 kite shield of positive energy
 c - the +2 barding of the Bull (worn) {Harm Will+++ rCorr Int-2}
   (Okawaru gifted it to you on level 1 of the Vaults)

   Int:       It affects your intelligence (-2).
   rCorr:     It protects you from acid and corrosion.
   Harm:      It increases damage dealt and taken.
   Will:      It greatly increases your willpower.
 y - +10 gold dragon scales (worn)
 Q - the +8 tower shield of Qaissuti (worn) {Rampage Dex+2}
   (Okawaru gifted it to you on level 3 of the Depths)

   Dex:       It affects your dexterity (+2).
   Rampage:   It bestows one free step when moving towards enemies.
 R - a scarf of resistance (worn)
 V - a +0 hat of willpower (worn)
 W - a +1 pair of gloves of dexterity (worn)
Jewellery
 k - a ring of willpower
 l - the ring "Ydecu" (right hand) {rN+ Will+}
   (You took it off a deep elf demonologist on level 5 of the Vaults)

   [ring of positive energy]

   rN:        It protects you from negative energy.
   Will:      It increases your willpower.
 o - the amulet of Nobility (around neck) {Reflect rElec Str-4 Int+10 SH+5}
   (You found it on level 2 of the Lair of Beasts)

   [amulet of reflection]

   It reflects blocked missile attacks.
   Str:       It affects your strength (-4).
   Int:       It affects your intelligence (+10).
   rElec:     It insulates you from electricity.
   SH:        It affects your SH (+5).
 v - a +4 ring of slaying
 x - a ring of see invisible
 F - an amulet of the acrobat
 L - the ring of Exhibitionism (left hand) {Wiz rF+ rCorr SInv}
   (You found it on level 2 of the Depths)

   [ring of wizardry]

   It improves your spell success rate.
   rF:        It protects you from fire.
   SInv:      It lets you see invisible.
   rCorr:     It protects you from acid and corrosion.
 T - a ring of protection from fire
 U - the ring of Dotik {Fire Will+ Str-5 Stlth+}
   (You found it on level 10 of the Dungeon)

   [ring of fire]

   It enhances your fire magic.
   Str:       It affects your strength (-5).
   rF:        It protects you from fire.
   rC:        It makes you vulnerable to cold.
   Will:      It increases your willpower.
   Stlth:     It makes you more stealthy.
Wands
 d - a wand of polymorph (23)
 f - a wand of digging (7)
 g - a wand of acid (39)
 J - a wand of flame (97)
 S - a wand of mindburst (42)
Scrolls
 m - 10 scrolls of fog
 n - 8 scrolls of immolation
 p - 4 scrolls of blinking
 r - 20 scrolls of teleportation
 s - 3 scrolls of silence
 t - a scroll of torment
 w - 5 scrolls of fear
 z - 11 scrolls of vulnerability
 E - 6 scrolls of enchant weapon
 G - 5 scrolls of brand weapon
 M - 8 scrolls of magic mapping
 O - 7 scrolls of amnesia
 P - 4 scrolls of poison
Potions
 h - a potion of haste
 i - 27 potions of curing
 j - 8 potions of flight
 q - 17 potions of lignification
 u - 18 potions of mutation
 A - 4 potions of ambrosia
 B - 4 potions of might
 C - a potion of cancellation
 H - 2 potions of brilliance
 I - 8 potions of resistance
 K - 6 potions of magic
 N - 4 potions of invisibility
 X - 9 potions of berserk rage
 Z - 2 potions of heal wounds


   Skills:
 + Level 26.1 Fighting
 + Level 21.3 Maces & Flails
 - Level 1.7 Throwing
 O Level 27 Armour
 - Level 8.0 Dodging
 + Level 16.5 Shields
 - Level 12.9 Spellcasting
 - Level 10.0 Translocations
 - Level 10.2 Invocations


You had 41 spell levels left.
You knew the following spells:

 Your Spells              Type           Power      Damage    Failure   Level
a - Blink                 Tloc           84%        N/A       1%          2
b - Manifold Assault      Tloc           42%        N/A       8%          4
c - Passage of Golubria   Tloc           42%        N/A       8%          4

Your spell library contained the following spells:

 Spells                   Type           Power      Damage    Failure   Level
 Gell's Gravitas          Tloc           42%        N/A       2%          3
 Lesser Beckoning         Tloc           84%        N/A       2%          3
 Teleport Other           Tloc           42%        N/A       2%          3
 Momentum Strike          Conj/Tloc      52%        3d9       9%          2
 Vhi's Electric Charge    Tloc/Air       52%        N/A       17%         3
 Beastly Appendage        Tmut           20%        N/A       41%         1
 Kiss of Death            Conj/Necr      40%        2d8       41%         1
 Magic Dart               Conj           40%        1d5       41%         1
 Necrotise                Necr           40%        1d6       41%         1
 Sandblast                Erth           20%        2d7       41%         1
 Shock                    Conj/Air       40%        1d5       41%         1
 Cigotuvi's Dreadful Rot  Necr/Pois/Air  20%        N/A       52%         2
 Ensorcelled Hibernation  Hex/Ice        20%        N/A       52%         2
 Passwall                 Tmut/Erth      8%         N/A       52%         2
 Searing Ray              Conj           20%        2d5       52%         2
 Static Discharge         Conj/Air       20%        2-3/arc   52%         2
 Sublimation of Blood     Necr           10%        N/A       52%         2
 Wereblood                Tmut           10%        N/A       52%         2
 Dispersal                Tloc           21%        N/A       71%         6
 Confusing Touch          Hex            10%        N/A       77%         3
 Dazzling Flash           Conj/Hex       20%        N/A       77%         3
 Ignite Poison            Fire/Tmut/Pois 10%        N/A       77%         3
 Inner Flame              Hex/Fire       10%        N/A       77%         3
 Spider Form              Tmut/Pois      10%        N/A       77%         3
 Stone Arrow              Conj/Erth      20%        3d8       77%         3
 Swiftness                Air            10%        N/A       77%         3
 Vampiric Draining        Necr           10%        2d6       77%         3
 Airstrike                Air            5%         2d(1-17)  98%         4
 Anguish                  Hex/Necr       5%         N/A       98%         4
 Cause Fear               Hex            5%         N/A       98%         4
 Dispel Undead            Necr           10%        3d9       98%         4
 Fulminant Prism          Conj/Hex       5%         3d7       98%         4
 Leda's Liquefaction      Hex/Erth       5%         N/A       98%         4
 Agony                    Necr           10%        N/A       100%        5
 Alistair's Intoxication  Tmut/Pois      6%         N/A       100%        5
 Arcjolt                  Conj/Air       5%         1d15      100%        5
 Blade Hands              Tmut           5%         N/A       100%        5
 Borgnjor's Vile Clutch   Necr/Erth      5%         N/A       100%        5
 Lee's Rapid Deconstruct  Erth           5%         3d6*      100%        5
 Lightning Bolt           Conj/Air       5%         1d17      100%        5
 Silence                  Hex/Air        5%         N/A       100%        5
 Yara's Violent Unravell  Hex/Tmut       5%         3d4       100%        5
 Eringya's Noxious Bog    Tmut/Pois      5%         N/A       100%        6
 Iron Shot                Conj/Erth      5%         9d2       100%        6
 Starburst                Conj/Fire      5%         6d4       100%        6
 Statue Form              Tmut/Erth      6%         N/A       100%        6
 Storm Form               Tmut/Air       5%         N/A       100%        7
 Discord                  Hex            5%         N/A       100%        8
 Disjunction              Tloc           21%        N/A       100%        8
 Ignition                 Fire           5%         3d4       100%        8
 Lehudib's Crystal Spear  Conj/Erth      5%         10d3      100%        8
 Chain Lightning          Conj/Air       5%         3d6       100%        9
 Death's Door             Necr           5%         N/A       100%        9
 Fire Storm               Conj/Fire      5%         8d1       100%        9
 Shatter                  Erth           5%         3d8*      100%        9
 Tukima's Dance           Hex            Unusable   N/A       N/A         3
 Animate Armour           Summ/Erth      Unusable   N/A       N/A         4
 Animate Dead             Necr           Unusable   N/A       N/A         4
 Summon Lightning Spire   Summ/Air       Unusable   N/A       N/A         4
 Death Channel            Necr           Unusable   N/A       N/A         6

Dungeon Overview and Level Annotations

Branches:
Dungeon (15/15)            Temple (1/1) D:6            Lair (5/5) D:11
  Swamp (4/4) Lair:2        Snake (4/4) Lair:2        Slime (0/5) Lair:5
    Orc (2/2) D:12            Elf (3/3) Orc:2        Vaults (5/5) D:13
  Crypt (0/3) Vaults:2     Depths (4/4) D:15            Zot (5/5) Depths:4
 Bailey (visited)           IceCv (visited)

Altars:
Ashenzari
Cheibriados
Dithmenos
Elyvilon
Fedhas
Gozag
Hepliaklqana
Kikubaaqudgha
Makhleb
Nemelex Xobeh
Okawaru
Qazlal
Ru
Sif Muna
Trog
Uskayaw
Vehumet
Wu Jian
Xom
Yredelemnul
Zin
The Shining One

Shops:
D:6 ?   D:9 *   D:13 ?   Orc:2 [(*:   Elf:2 :   Snake:3 =::   Vaults:1 ?(
Vaults:3 (   Vaults:4 !?::   Depths:4 (

Portals:
Hell: Depths:1 Depths:2 Depths:3 Depths:4
Abyss: Depths:3
Pandemonium: Depths:1 Depths:2
Ziggurat: Depths:3

Annotations:
Orc:2 3 runed translucent doors, ShnitzelX2's ghost, journeyman MeIE


Innate Abilities, Weirdness & Mutations

You are completely covered in rugged brown scales. (AC +3, +7% HP)
Armour fits poorly on your strangely shaped body.
You have a long armoured tail.
You roll when moving toward enemies. (Rampage)
Your long tongue fully drains potion bottles. (2x potion effects)
Your tongue gives you trouble enunciating. (1.5x scroll delay)
You have large cloven feet.
Your body sometimes deteriorates upon taking damage.
You are dopey. (Int -2)
You are frail. (-10% HP)
You are weak. (Str -2)


Message History

You kick the Orb Guardian, but do no damage.
The Orb Guardian is moderately wounded.
You block the Orb Guardian's attack.
You completely miss the Orb Guardian.
You kick the Orb Guardian, but do no damage.
You tail-slap the Orb Guardian, but do no damage.
The Orb Guardian is moderately wounded.
You block the Orb Guardian's attack.
You hit the Orb Guardian but do no damage.
Your kick misses the Orb Guardian.
The Orb Guardian is moderately wounded.
You block the Orb Guardian's attack.
You bludgeon the Orb Guardian!! Your kick misses the Orb Guardian.
You tail-slap the Orb Guardian.
The Orb Guardian is severely wounded.
You block the Orb Guardian's attack.
You hit the Orb Guardian.
You kick the Orb Guardian, but do no damage.
Your tail-slap misses the Orb Guardian.
The Orb Guardian is severely wounded.
You block the Orb Guardian's attack.
You bludgeon the Orb Guardian!!
You kill the Orb Guardian!
Okawaru accepts your kill.
There is a stone staircase leading up here.
You climb upwards.
There is a stone staircase leading down here.
(D) Dungeon (T) Temple (L) Lair (S) Swamp (P) Snake Pit (M) Slime Pits (O) Orcish Mines (E) Elven Halls (V) Vaults (C) Crypt (U) Depths (H) Hell (Z) Zot
Where to? (Enter - D:1, ? - help)
Okay, then.
Aiming: Dig
Press: ? - help, Shift-Dir - straight line A rock wall.
This square is covered in magical glow.
The rock shatters into small pieces.
There is a staircase leading out of the dungeon here.
You have escaped!

.......# #.# ######[#.
.####### #.# #...##.## .#
#.# #...##.# .# #.#
#...##.# ##
#'###########...##.# .#
#######.#8.#..........##.#
.#
#............######...##.#
.######8..8..8...#.#
####...##.##
......'.....^...@#.#
#....>###+#.
.######8..8..8...#.#
#.....##.... .###
#..........#.#
#.....##.... ...#
######..#8.#.#
#.....##.... ##.##
#.######.###....)###...
.#..# ## #............#
#... .##.##
#.##.###.....###... .....#
#.#..........'....) ..#..#
#.######.....####..


There were no monsters in sight!

Vanquished Creatures
  5 dread liches
  5 ancient liches
  Mara (Swamp:2)
  9 orbs of fire
  A juggernaut (Zot:5)
  Josephina (Zot:3)
  Vv (Zot:4)
  3 Killer Klowns
  Bai Suzhen (Vaults:2)
  2 curse toes
  10 golden dragons
  5 caustic shrikes (Depths:4)
  8 electric golems
  An iron giant (Zot:5)
  A bone dragon (Depths:4)
  15 tentacled monstrosities
  27 Orb Guardians
  6 quicksilver dragons
  Jorgrun (Swamp:3)
  18 titans
  2 liches
  A deep elf master archer (Elf:3)
  3 deep elf blademasters
  3 sphinxes
  Gastronok (Lair:1)
  An Executioner (D:7)
  7 death cobs
  7 shadow dragons
  4 tengu reavers
  2 daevas
  16 storm dragons
  5 draconian knights
  22 vault wardens
  2 nagarajas (Snake:4)
  Roxanne (Elf:3)
  11 draconian monks
  6 fire giants
  12 deep elf sorcerers
  9 frost giants
  4 balrugs
  10 draconian scorchers
  2 ghost moths (Zot:4)
  2 draconian shifters (Zot:4)
  Aizul (Elf:2)
  4 deep elf elementalists (Elf:3)
  5 orc warlords
  An angel (Depths:3)
  A broodmother (shapeshifter) (Vaults:4)
  10 draconian annihilators
  2 spriggan defenders (Depths:3)
  17 stone giants
  31 very ugly things
  5 draconian stormcallers
  3 reapers
  7 ironbound thunderhulks
  A demonspawn blood saint (Depths:1)
  4 war gargoyles
  13 ironbound preservers
  An eleionoma (shapeshifter) (Vaults:4)
  13 black draconians
  2 eleionomae (Swamp:3)
  2 demonspawn black suns (Zot:1)
  2 vampire knights (Depths:3)
  9 deep elf demonologists
  12 green draconians
  10 deep elf annihilators
  7 red draconians
  14 dire elephants
  12 purple draconians
  2 bunyips
  13 yellow draconians
  9 white draconians
  Azrael (Elf:2)
  4 spark wasps
  5 ettins
  3 blizzard demons
  The ghost of yumyumyeen the Fencer, a journeyman MiMo of Hepliaklqana (Swamp:1)
  7 deep elf death magi
  12 fire dragons
  2 crystal guardians
  The ghost of Monkooky the Destroyer, a journeyman DsMo of Lugonu (Lair:2)
  13 yaktaur captains
  8 deep elf high priests
  3 ice dragons
  2 shambling mangroves
  39 vault guards
  3 peacekeepers
  10 great orbs of eyes
  Erolcha (Orc:2)
  4 rakshasas (Depths:3)
  5 spriggan air magi
  2 quicksilver dragon skeletons
  2 catoblepae
  2 ghost crabs
  19 hydras
  3 salamander tyrants (Snake:4)
  5 centaur warriors
  5 ogre magi
  6 boulder beetles
  14 naga warriors
  A radroach (shapeshifter) (Depths:4)
  35 dancing weapons
  7 anacondas
  9 ironbound frosthearts
  21 two-headed ogres
  An alligator (Swamp:4)
  4 deep troll shamans
  8 tengu warriors
  10 death yaks
  3 deep troll earth magi
  8 orc high priests
  A soul eater (Depths:1)
  13 naga sharpshooters
  9 shock serpents
  7 spriggan berserkers
  4 hell knights (Depths:3)
  15 deep elf knights
  2 sun demons
  2 skeletal warriors (D:12)
  5 iron trolls
  A spark wasp zombie (Depths:3)
  5 salamander mystics
  4 cherubim
  A sixfirhy (Depths:1)
  A goliath frog (Swamp:4)
  3 sea snakes (Snake:3)
  18 swamp dragons
  31 deep trolls
  3 spriggan druids
  8 deep elf archers
  3 flayed ghosts
  18 ironbound convokers
  4 naga ritualists
  4 glowing orange brains
  16 orc knights
  A tengu zombie (Depths:3)
  A harpy (shapeshifter) (D:15)
  6 wizards
  A steelbarb worm (shapeshifter) (Vaults:2)
  9 bog bodies
  6 phantasmal warriors
  A lindwurm (shapeshifter) (Depths:1)
  4 necromancers
  9 lindwurms
  A wolf spider (Lair:5)
  26 deep elf pyromancers
  7 harpies (Vaults:1)
  8 mana vipers
  44 ugly things
  6 orc sorcerers
  27 deep elf zephyrmancers
  9 cyclopes
  A manticore (D:13)
  3 elephants (Lair:4)
  5 salamanders
  3 will-o-the-wisps
  22 moths of wrath
  A moth of wrath (shapeshifter) (Vaults:5)
  An ice statue (IceCv)
  A rust devil (Depths:1)
  14 naga magi
  A smoke demon (Depths:2)
  The ghost of NinjaNoafa the Lord of Darkness, a novice DENe of Kikubaaqudgha (D:6)
  A gargoyle (D:12)
  16 vault sentinels
  An eye of devastation (shapeshifter) (Depths:3)
  32 black mambas
  4 guardian serpents
  2 orange demons (Depths:1)
  4 torpor snails (Lair:5)
  17 cane toads
  A cane toad (shapeshifter) (D:10)
  6 unseen horrors
  3 unseen horror zombies (D:9)
  7 rime drakes
  A yaktaur (shapeshifter) (Vaults:5)
  Maggie (D:9)
  4 centaur skeletons (D:13)
  7 komodo dragons
  2 kobold demonologists
  2 freezing wraiths
  2 ice devils (D:13)
  An efreet (D:14)
  An anaconda simulacrum (IceCv)
  27 yaktaurs
  A golden dragon simulacrum (Depths:3)
  A queen bee (shapeshifter) (D:14)
  2 polar bears (Lair:4)
  A tengu conjurer (D:14)
  10 trolls
  A wolf spider simulacrum (D:15)
  2 tarantellas (shapeshifter)
  17 hornets
  14 tyrant leeches
  23 slime creatures
  12 blink frogs
  A blink frog (shapeshifter) (Vaults:2)
  11 dream sheep (Lair:5)
  A draconian simulacrum (Zot:4)
  3 air elementals
  2 ettin zombies (Vaults:2)
  A human simulacrum (Vaults:2)
  9 spriggans
  12 water elementals
  2 shadows
  4 wraiths
  A dire elephant simulacrum (IceCv)
  58 yaks
  16 wyverns
  A vampire (D:10)
  An unseen horror simulacrum (D:9)
  A yak (shapeshifter) (D:14)
  9 fire elementals
  6 chaos spawn
  A black draconian simulacrum (Zot:4)
  2 golden eyes (Zot:2)
  A redback (Lair:5)
  A basilisk (Lair:3)
  A death yak simulacrum (IceCv)
  A green draconian simulacrum (Zot:4)
  17 vampire mosquitoes
  5 wargs
  A harpy simulacrum (IceCv)
  3 steam dragons
  3 large abominations (Depths:3)
  4 acid dragons
  10 swamp worms
  19 water moccasins
  43 nagas
  5 hell hounds (Elf:2)
  2 moth of wrath simulacra (Zot:4)
  A floating eye (Depths:4)
  3 swamp drakes (Swamp:3)
  A black bear (D:4)
  3 ice beasts
  48 orc warriors
  24 wolves
  7 centaurs
  A human zombie (Vaults:2)
  20 ogres
  2 phantoms (D:7)
  6 kobold brigands
  12 bullfrogs
  A gnoll sergeant (D:11)
  A necrophage (D:6)
  7 two-headed ogre simulacra (IceCv)
  4 earth elementals
  A scorpion (D:6)
  3 cane toad simulacra (IceCv)
  10 wights
  4 small abominations (Depths:3)
  5 killer bees
  4 elephant simulacra (IceCv)
  2 howler monkeys
  A howler monkey (shapeshifter) (Vaults:5)
  4 electric eels
  3 centaur zombies (D:9)
  2 hounds
  Crazy Yiuf (D:7)
  7 jellies
  A jelly (shapeshifter) (Vaults:2)
  16 orc priests
  A gnoll bouda (D:5)
  4 iguanas
  22 orc wizards
  4 hell rats (Lair:2)
  3 polar bear simulacra (IceCv)
  8 troll simulacra (IceCv)
  5 spriggan simulacra (IceCv)
  A wolf simulacrum (IceCv)
  19 gnolls
  8 adders
  2 naga simulacra (IceCv)
  4 white imps (IceCv)
  4 ufetubi (IceCv)
  3 dart slugs
  84 orcs
  4 ball pythons
  2 bats (D:1)
  11 endoplasms
  2 giant cockroaches (D:1)
  12 goblins
  7 hobgoblins
  9 jackals
  14 kobolds
  3 quokkas
  3 frilled lizards
  7 rats (D:1)
2088 creatures vanquished.

Vanquished Creatures (others)
  A death cob (Zot:2)
  A draconian knight (Zot:2)
  A yellow draconian (Zot:4)
  A hydra (Swamp:4)
  A deep elf pyromancer (Elf:2)
  A deep elf zephyrmancer (Elf:1)
  2 bloated husks (Swamp:3)
  A water elemental (Elf:1)
  2 orc wizards
  2 orcs (Vaults:5)
  18 foxfires
  40 fungi
  113 plants
  2 withered plants (D:9)
186 creatures vanquished.

Grand Total: 2274 creatures vanquished

Notes
Turn   | Place    | Note
-------+----------+-------------------------------------------
     0 | D:1      | cforsyth the Armataur Gladiator began the quest for the
                  | Orb.
     0 | D:1      | Reached XP level 1. HP: 18/18 MP: 1/1
   116 | D:1      | Reached skill level 1 in Armour
   144 | D:1      | Reached XP level 2. HP: 25/25 MP: 2/2
   550 | D:1      | Reached XP level 3. HP: 32/32 MP: 3/3
   837 | D:1      | Reached skill level 2 in Armour
  1587 | D:3      | Found a faded altar of an unknown god.
  1609 | D:3      | Found a shimmering blue altar of Sif Muna.
  1632 | D:3      | Reached XP level 4. HP: 35/39 MP: 4/4
  1793 | D:3      | Found a snail-covered altar of Cheibriados.
  2132 | D:3      | You fall into a shaft and drop 1 floor!
  2137 | D:4      | Noticed a black bear
  2150 | D:4      | Killed a black bear
  2151 | D:4      | Reached skill level 3 in Armour
  2151 | D:4      | Reached XP level 5. HP: 32/48 MP: 5/5
  2654 | D:4      | Reached XP level 6. HP: 54/54 MP: 6/6
  2716 | D:5      | Entered Level 5 of the Dungeon
  2738 | D:4      | Reached skill level 4 in Armour
  3548 | D:5      | Reached XP level 7. HP: 58/61 MP: 7/7
  3995 | D:6      | Found a staircase to the Ecumenical Temple.
  4033 | D:6      | Reached skill level 5 in Armour
  4114 | D:6      | Identified the +10 rapier "Qinuas" {vorpal, Int+7}
  4130 | D:6      | Reached skill level 5 in Maces & Flails
  4414 | D:6      | Reached skill level 5 in Fighting
  4431 | D:6      | Reached skill level 6 in Armour
  4443 | D:6      | Reached XP level 8. HP: 40/72 MP: 8/8
  4667 | D:6      | Found Ysur's Magic Scroll Emporium.
  4676 | D:6      | Bought a scroll of identify for 20 gold pieces
  4676 | D:6      | Bought a scroll of noise for 10 gold pieces
  4935 | D:6      | Found a bloodstained altar of Trog.
  5371 | D:6      | Noticed a troll
  5375 | D:6      | Killed a troll
  5466 | Temple   | Entered the Ecumenical Temple
  5510 | Temple   | Became a worshipper of Warmaster Okawaru
  5671 | D:6      | Reached skill level 7 in Armour
  5676 | D:6      | Found a runed translucent gate.
  5677 | D:6      | Found a runed translucent gate.
  5677 | D:6      | Noticed NinjaNoafa's ghost (novice DENe)
  5678 | D:6      | Found a runed translucent gate.
  5860 | D:7      | Found an ornate altar of the Wu Jian Council.
  5897 | D:7      | Found a flagged portal.
  5915 | Bailey   | Entered a bailey
  5989 | Bailey   | Reached * piety under Okawaru
  6011 | Bailey   | Reached skill level 8 in Armour
  6011 | Bailey   | Reached XP level 9. HP: 35/83 MP: 6/9
  6182 | Bailey   | Identified the +10 shortbow "Imp's Curse" {speed, rCorr}
  6182 | Bailey   | Identified the +7 ice dragon scales "Lifici" {rPois rF-
                  | rC++ Str+2 Dex+3}
  6569 | Bailey   | Reached ** piety under Okawaru
  6583 | Bailey   | Noticed a two-headed ogre
  6592 | Bailey   | Killed a two-headed ogre
  6593 | Bailey   | Reached skill level 9 in Armour
  6761 | D:7      | Found a runed translucent door.
  6762 | D:7      | Noticed Crazy Yiuf
  6768 | D:7      | Killed Crazy Yiuf
  7294 | D:8      | Found a shimmering altar of Xom.
  7294 | D:8      | Found a shimmering altar of Xom.
  7296 | D:8      | Found a shimmering altar of Xom.
  7296 | D:8      | Found a shimmering altar of Xom.
  7296 | D:8      | Found a shimmering altar of Xom.
  7297 | D:8      | Found a shimmering altar of Xom.
  7298 | D:8      | Found a shimmering altar of Xom.
  7346 | D:8      | Reached XP level 10. HP: 94/94 MP: 10/10
  7372 | D:8      | Found a glowing silver altar of Zin.
  7525 | D:8      | Reached *** piety under Okawaru
  7526 | D:8      | Reached skill level 10 in Armour
  7976 | D:9      | Noticed Maggie
  7979 | D:9      | Noticed a two-headed ogre
  8003 | D:9      | Killed a two-headed ogre
  8016 | D:9      | Killed Maggie
  8184 | D:9      | Found a radiant altar of Vehumet.
  8184 | D:9      | Found a sacrificial altar of Ru.
  8184 | D:9      | Found a stormy altar of Qazlal.
  8230 | D:9      | Reached **** piety under Okawaru
  8237 | D:9      | Reached skill level 11 in Armour
  8456 | D:9      | Reached ***** piety under Okawaru
  8567 | D:9      | Reached XP level 11. HP: 103/103 MP: 11/11
  8577 | D:9      | Found Gubbir's Assorted Antiques.
  8584 | D:9      | Bought a scroll labelled JOAHOU LUFIOTEI for 24 gold pieces
  8584 | D:9      | Bought a lumpy golden potion for 21 gold pieces
  8584 | D:9      | Bought a scroll labelled VUETSU ROIWASK for 24 gold pieces
  8609 | D:9      | Received a gift from Okawaru
  8764 | D:9      | Noticed a five-headed hydra
  8774 | D:9      | Killed a five-headed hydra
  9207 | D:10     | Entered Level 10 of the Dungeon
  9238 | D:10     | Reached skill level 12 in Armour
  9332 | D:10     | Noticed a two-headed ogre
  9342 | D:10     | Killed a two-headed ogre
  9471 | D:10     | Noticed a deep elf pyromancer
  9474 | D:10     | Noticed a tengu warrior
  9478 | D:10     | Killed a deep elf pyromancer
  9479 | D:10     | Reached skill level 10 in Maces & Flails
  9479 | D:10     | Noticed a six-headed hydra
  9485 | D:10     | Noticed a boulder beetle
  9487 | D:10     | Killed a six-headed hydra
  9488 | D:10     | Reached skill level 10 in Fighting
  9523 | D:10     | Identified the +0 plate armour "Dijowaf" {Int+4 Dex+2}
                  | (Okawaru gifted it to you on level 10 of the Dungeon)
  9523 | D:10     | Received a gift from Okawaru
  9694 | D:10     | Noticed a two-headed ogre
  9703 | D:10     | Noticed a two-headed ogre
  9707 | D:10     | Killed a two-headed ogre
  9729 | D:10     | Killed a two-headed ogre
  9845 | D:10     | Killed a tengu warrior
  9847 | D:10     | Reached skill level 13 in Armour
  9881 | D:10     | Killed a boulder beetle
 10042 | D:10     | Noticed a two-headed ogre
 10055 | D:10     | Killed a two-headed ogre
 10121 | D:10     | Reached XP level 12. HP: 82/115 MP: 12/12
 10497 | D:10     | Noticed a two-headed ogre
 10507 | D:10     | Killed a two-headed ogre
 10587 | D:10     | Noticed a boulder beetle
 10644 | D:10     | Killed a boulder beetle
 10645 | D:10     | Reached skill level 14 in Armour
 10749 | D:10     | Noticed a two-headed ogre
 10761 | D:10     | Killed a two-headed ogre
 10761 | D:10     | Reached ****** piety under Okawaru
 11030 | D:10     | Identified the +7 scimitar of Xom's Brutal Revenge
                  | {protect, +Blink rPois Int+3 Stlth+}
 11030 | D:10     | Identified the ring of Dotik {Fire Will+ Str-5 Stlth+}
 11200 | D:10     | Received a gift from Okawaru
 11205 | D:10     | Noticed a two-headed ogre
 11210 | D:10     | Killed a two-headed ogre
 11514 | D:6      | Killed NinjaNoafa's ghost
 11529 | D:6      | Reached skill level 1 in Shields
 11553 | D:6      | Identified the +0 helmet "Sovar" {Str+2}
 11962 | D:11     | Noticed a two-headed ogre
 11966 | D:11     | Killed a two-headed ogre
 11966 | D:11     | Identified the +0 troll leather armour "Rycinwel" {Regen+
                  | rCorr MP+9 Slay+2} (Okawaru gifted it to you on level 11 of
                  | the Dungeon)
 11966 | D:11     | Received a gift from Okawaru
 12136 | D:11     | Noticed a boulder beetle
 12136 | D:11     | Noticed a two-headed ogre
 12147 | D:11     | Killed a boulder beetle
 12149 | D:11     | Noticed a boulder beetle
 12157 | D:11     | Killed a two-headed ogre
 12170 | D:11     | Killed a boulder beetle
 12351 | D:11     | Found a staircase to the Lair.
 12512 | D:12     | Found a staircase to the Orcish Mines.
 12844 | D:12     | Reached XP level 13. HP: 103/125 MP: 13/13
 13269 | D:12     | Reached skill level 15 in Armour
 13396 | Lair:1   | Entered Level 1 of the Lair of Beasts
 13419 | Lair:1   | Noticed Gastronok
 13429 | Lair:1   | Killed Gastronok
 13712 | Lair:1   | Reached skill level 5 in Shields
 13719 | Lair:1   | Identified the +3 ring mail of Vaeqen {rN+ Dex+6} (Okawaru
                  | gifted it to you on level 1 of the Lair of Beasts)
 13719 | Lair:1   | Received a gift from Okawaru
 14230 | Lair:2   | Found a staircase to the Swamp.
 14270 | Lair:2   | Found a staircase to the Snake Pit.
 14948 | Lair:2   | Found a runed translucent door.
 14949 | Lair:2   | Found a shimmering altar of Xom.
 14949 | Lair:2   | Noticed Monkooky's ghost (journeyman DsMo)
 15183 | Lair:2   | Killed Monkooky's ghost
 15185 | Lair:2   | Identified the amulet of Nobility {Reflect rElec Str-4
                  | Int+10 SH+5}
 15381 | Lair:3   | Reached skill level 16 in Armour
 15789 | Lair:3   | Received a gift from Okawaru
 15849 | Lair:3   | Reached XP level 14. HP: 132/135 MP: 14/14
 15874 | Lair:3   | You fall into a shaft and drop 1 floor!
 16458 | Lair:4   | Identified the +0 barding of Moral Flaws {rN+} (Okawaru
                  | gifted it to you on level 4 of the Lair of Beasts)
 16458 | Lair:4   | Received a gift from Okawaru
 16571 | Lair:4   | Identified a scroll of acquirement
 16572 | Lair:4   | Acquired 908 gold pieces
 16673 | Lair:4   | Identified the +3 quarterstaff of the Sea {vorpal, rF+
                  | Int+3}
 17502 | Lair:5   | Entered Level 5 of the Lair of Beasts
 18132 | Lair:5   | Got the Codex of Oozing Pus
 18242 | Lair:5   | Identified the +1 arbalest "Qaommueba" {freeze, rPois}
 18409 | Lair:5   | Received a gift from Okawaru
 18410 | Lair:5   | Reached skill level 17 in Armour
 18588 | Lair:5   | Found a staircase to the Slime Pits.
 19566 | Lair:5   | Received a gift from Okawaru
 20130 | Lair:5   | Reached XP level 15. HP: 146/146 MP: 15/15
 20260 | Lair:5   | Found a runed translucent door.
 20765 | Orc:1    | Entered Level 1 of the Orcish Mines
 21510 | Orc:2    | Entered Level 2 of the Orcish Mines
 21931 | Orc:2    | Found Jiti's Antique Weapon Emporium.
 22013 | Orc:1    | Reached skill level 10 in Shields
 22128 | Orc:2    | Found Kuimitil's Book Shop.
 22494 | Orc:2    | Bought a manual of Fighting for 1440 gold pieces
 22712 | Orc:2    | Noticed Erolcha
 23299 | Orc:2    | Killed Erolcha
 24323 | Orc:2    | Identified the +7 great mace "Yratwaid" {vorpal, rPois}
                  | (Okawaru gifted it to you on level 2 of the Orcish Mines)
 24323 | Orc:2    | Received a gift from Okawaru
 24324 | Orc:2    | Reached skill level 18 in Armour
 24360 | Orc:2    | Found Henocu's General Store.
 24487 | Orc:2    | Found Obbeedd's Antique Armour Shoppe.
 24547 | Orc:2    | Found a runed translucent door.
 24636 | Orc:2    | Found a staircase to the Elven Halls.
 24673 | Orc:2    | Found a runed translucent gate.
 24673 | Orc:2    | Found a runed translucent gate.
 24673 | Orc:2    | Found a runed translucent gate.
 24674 | Orc:2    | Identified the ring "Xaceitirch" {Contam rF+ Str+6 Slay+5
                  | Stlth+}
 24675 | Orc:2    | Noticed ShnitzelX2's ghost (journeyman MeIE)
 24704 | Orc:2    | Found an iron altar of Okawaru.
 26008 | D:13     | Reached skill level 15 in Fighting
 26038 | D:13     | Found a frozen archway.
 26062 | IceCv    | Entered an ice cave
 26819 | IceCv    | Received a gift from Okawaru
 27258 | D:13     | Found Plog's Magic Scroll Boutique.
 27831 | D:13     | Found a gate to the Vaults.
 27857 | D:13     | Reached skill level 15 in Maces & Flails
 28196 | D:14     | Identified the +8 scale mail of Okawaru's Approval {-Cast
                  | +Inv Will- Slay+4} (Okawaru gifted it to you on level 14 of
                  | the Dungeon)
 28196 | D:14     | Received a gift from Okawaru
 28531 | D:14     | Identified the +5 glaive of Rugonk {venom, Int+4}
 28554 | D:15     | Entered Level 15 of the Dungeon
 28677 | D:15     | Reached XP level 16. HP: 155/161 MP: 16/16
 28690 | D:15     | Found a white marble altar of Elyvilon.
 28995 | D:15     | Reached skill level 19 in Armour
 29179 | D:15     | Found a staircase to the Depths.
 29324 | D:15     | Found a broken altar of Ashenzari.
 29915 | Snake:1  | Entered Level 1 of the Snake Pit
 30484 | Snake:1  | Identified the +5 scale mail of Relativism {Harm +Blink
                  | rElec Int-3} (Okawaru gifted it to you on level 1 of the
                  | Snake Pit)
 30484 | Snake:1  | Received a gift from Okawaru
 32179 | Snake:3  | Reached skill level 20 in Armour
 33375 | Snake:3  | Identified the +1 scale mail of Vexation {rF++ Str+7
                  | Stlth-} (Okawaru gifted it to you on level 3 of the Snake
                  | Pit)
 33375 | Snake:3  | Received a gift from Okawaru
 33806 | Snake:3  | Found Vanobb's Jewellery Shoppe.
 33806 | Snake:3  | Found Cuhijy's Book Shop.
 33807 | Snake:3  | Found Yfraades's Book Shop.
 33871 | Snake:4  | Entered Level 4 of the Snake Pit
 34780 | Snake:4  | Reached XP level 17. HP: 156/174 MP: 17/17
 34952 | Snake:4  | Identified the +7 great sword of Vivoatem {drain, Contam
                  | Str+7 Int+8 SInv}
 37694 | Snake:4  | Reached skill level 21 in Armour
 37949 | Snake:4  | Identified the +1 plate armour "Ufipe" {rPois} (Okawaru
                  | gifted it to you on level 4 of the Snake Pit)
 37949 | Snake:4  | Received a gift from Okawaru
 37963 | Snake:4  | Got a serpentine rune of Zot
 38102 | Swamp:1  | Entered Level 1 of the Swamp
 38137 | Swamp:1  | Found a runed translucent gate.
 38138 | Swamp:1  | Found a runed translucent gate.
 38138 | Swamp:1  | Found a runed translucent gate.
 38141 | Swamp:1  | Noticed yumyumyeen's ghost (journeyman MiMo)
 38875 | Swamp:1  | Killed yumyumyeen's ghost
 40092 | Swamp:3  | Reached skill level 5 in Dodging
 40417 | Swamp:3  | Noticed Mara
 40441 | Swamp:3  | Noticed cforsyth's illusion
 40444 | Swamp:2  | Noticed cforsyth's illusion
 40755 | Swamp:2  | Noticed cforsyth's illusion
 40763 | Swamp:2  | Killed Mara
 40961 | Swamp:3  | Noticed Jorgrun
 40970 | Swamp:3  | Killed Jorgrun
 41146 | Swamp:4  | Entered Level 4 of the Swamp
 41891 | Swamp:3  | Received a gift from Okawaru
 42131 | Swamp:3  | Reached XP level 18. HP: 176/188 MP: 18/18
 42258 | Swamp:3  | Reached skill level 22 in Armour
 42258 | Swamp:3  | Reached XP level 19. HP: 195/195 MP: 19/19
 42258 | Swamp:3  | Reached XP level 20. HP: 204/204 MP: 20/20
 44246 | Swamp:4  | Identified the +6 flail "Grim" {speed, rCorr Stlth+}
 44312 | Swamp:4  | Got a decaying rune of Zot
 44739 | Elf:1    | Entered Level 1 of the Elven Halls
 45063 | Orc:2    | Received a gift from Okawaru
 47036 | Elf:1    | Reached skill level 23 in Armour
 47247 | Elf:2    | Found Ceukk's Book Boutique.
 47338 | Elf:2    | Identified the -2 barding "Kejoache" {rC++ rCorr Str+4
                  | Slay-6 Stlth+} (Okawaru gifted it to you on level 2 of the
                  | Elven Halls)
 47338 | Elf:2    | Received a gift from Okawaru
 47487 | Elf:2    | Paralysed by an air elemental for 1 turns
 47492 | Elf:2    | Paralysed by an air elemental for 1 turns
 47499 | Elf:2    | Paralysed by an air elemental for 1 turns
 47511 | Elf:2    | Paralysed by an air elemental for 1 turns
 47636 | Elf:2    | Identified the +0 buckler of Free Will {+Inv Regen+ Str+2
                  | Dex+3}
 47773 | Elf:2    | Found a runed translucent gate.
 47774 | Elf:2    | Found a runed translucent gate.
 47774 | Elf:2    | Found a runed translucent gate.
 48110 | Elf:2    | Noticed Azrael
 48864 | Elf:2    | Killed Azrael
 49429 | Elf:3    | Entered Level 3 of the Elven Halls
 49469 | Elf:3    | Noticed Roxanne
 49492 | Elf:3    | Noticed Aizul
 49645 | Elf:2    | Killed Aizul
 50308 | Elf:2    | Reached skill level 24 in Armour
 50551 | Elf:3    | Reached XP level 21. HP: 216/217 MP: 21/21
 51345 | Elf:3    | Identified the +5 falchion of Qipey {antimagic, Str+3}
 51354 | Elf:3    | Received a gift from Okawaru
 52102 | Elf:3    | Paralysed by an air elemental for 1 turns
 52108 | Elf:3    | Paralysed by an air elemental for 1 turns
 52623 | Elf:3    | Identified the +2 battleaxe of the Absolute Madman {venom,
                  | rElec rCorr Dex-5}
 53139 | Elf:3    | Identified the +1 plate armour of Toefru {Str-4 Int+6}
 53142 | Elf:3    | Identified the +1 scale mail of Vlad {rPois}
 53144 | Elf:3    | Identified the +5 dagger of Ofrilles {vorpal, Will+}
 53179 | Elf:3    | Identified the +1 robe of Purpose {rElec}
 53201 | Elf:3    | Got the Incunable of Curses and Vitiation
 53518 | Elf:3    | Killed Roxanne
 53650 | Vaults:1 | Entered Level 1 of the Vaults
 54117 | Vaults:1 | Found Xebb's Antique Weapon Boutique.
 55570 | Vaults:1 | Identified the +2 barding of the Bull {Harm Will+++ rCorr
                  | Int-2} (Okawaru gifted it to you on level 1 of the Vaults)
 55570 | Vaults:1 | Received a gift from Okawaru
 56282 | Vaults:1 | Reached skill level 25 in Armour
 56475 | Vaults:1 | Found Mybi's Magic Scroll Shop.
 56483 | Vaults:1 | Bought a scroll of teleportation for 54 gold pieces
 56483 | Vaults:1 | Bought a scroll of teleportation for 54 gold pieces
 57708 | Vaults:2 | Found a staircase to the Crypt.
 57708 | Vaults:2 | Found a basalt altar of Yredelemnul.
 57708 | Vaults:2 | Found an ancient bone altar of Kikubaaqudgha.
 57832 | Vaults:2 | Noticed Bai Suzhen
 57843 | Vaults:2 | Killed Bai Suzhen
 57926 | Vaults:2 | Identified the +9 scimitar "Beetle's Bane" {venom, *Slow
                  | rPois Stlth+}
 60583 | Vaults:3 | Reached XP level 22. HP: 200/230 MP: 22/22
 60896 | Vaults:1 | Bought a glowing eveningstar for 648 gold pieces
 61281 | Vaults:3 | Identified the +9 quarterstaff of Certain Death {antimagic,
                  | Str+4} (Okawaru gifted it to you on level 3 of the Vaults)
 61281 | Vaults:3 | Received a gift from Okawaru
 62393 | Vaults:3 | Found Eply's Weapon Boutique.
 62587 | Vaults:3 | Reached skill level 26 in Armour
 63058 | Vaults:4 | Found Gituduat's Book Shoppe.
 63284 | Vaults:4 | Identified the +9 great mace "Wonif" {vorpal, rC+ Str+4}
                  | (Okawaru gifted it to you on level 4 of the Vaults)
 63284 | Vaults:4 | Received a gift from Okawaru
 63935 | Vaults:4 | Found Segius's Book Shoppe.
 63943 | Vaults:4 | Bought a manual of Spellcasting for 1440 gold pieces
 63948 | Vaults:4 | Found Agapokedo's Magic Scroll Shop.
 63959 | Vaults:4 | Bought a scroll of brand weapon for 180 gold pieces
 63959 | Vaults:4 | Bought a scroll of acquirement for 988 gold pieces
 63960 | Vaults:4 | Bought a scroll of brand weapon for 180 gold pieces
 63964 | Vaults:4 | Acquired 958 gold pieces
 64131 | Vaults:4 | Reached skill level 1 in Spellcasting
 64149 | Vaults:4 | Received a gift from Okawaru
 64898 | Vaults:4 | Found Veun's Distillery.
 65476 | Depths:1 | Entered Level 1 of the Depths
 65702 | Depths:1 | Reached skill level 1 in Invocations
 65878 | Depths:1 | Found a gateway to Hell.
 65990 | Depths:1 | Reached XP level 23. HP: 227/240 MP: 29/29
 66009 | Depths:1 | Reached skill level 15 in Shields
 66449 | Depths:1 | Found a hazy altar of Hepliaklqana.
 66668 | Depths:1 | Identified the +4 dagger "Hiwiw" {vamp, Will++ Int+2 Dex-5
                  | Stlth+}
 66837 | Depths:1 | Found a one-way gate leading to the halls of Pandemonium.
 66912 | Depths:1 | Reached skill level 5 in Spellcasting
 67054 | Depths:1 | Identified the +4 chain mail of the Garden {rF++ Dex-2
                  | Stlth+} (Okawaru gifted it to you on level 1 of the Depths)
 67054 | Depths:1 | Received a gift from Okawaru
 67571 | Depths:2 | Acquired 959 gold pieces
 68166 | Depths:2 | Identified the ring of Exhibitionism {Wiz rF+ rCorr SInv}
 68553 | Depths:3 | Reached skill level 1 in Translocations
 68557 | Depths:3 | Found a one-way gate to the infinite horrors of the Abyss.
 69282 | Depths:3 | Found a hide-covered altar of Uskayaw.
 69534 | Depths:3 | Reached skill level 27 in Armour
 69901 | Depths:4 | Entered Level 4 of the Depths
 69926 | Depths:3 | Reached skill level 5 in Invocations
 70495 | Depths:3 | Found a one-way gateway to a ziggurat.
 70865 | Depths:3 | Identified the +8 tower shield of Qaissuti {Rampage Dex+2}
                  | (Okawaru gifted it to you on level 3 of the Depths)
 70865 | Depths:3 | Received a gift from Okawaru
 71256 | Depths:4 | Paralysed by a floating eye for 3 turns
 71487 | Depths:4 | Noticed a caustic shrike
 71509 | Depths:4 | Noticed a caustic shrike
 71827 | Depths:4 | Noticed a caustic shrike
 71827 | Depths:4 | Noticed a caustic shrike
 71832 | Depths:4 | Noticed a caustic shrike
 71842 | Depths:4 | Killed a caustic shrike
 71848 | Depths:4 | Killed a caustic shrike
 71849 | Depths:4 | Reached skill level 5 in Translocations
 71856 | Depths:4 | Killed a caustic shrike
 71857 | Depths:4 | Reached XP level 24. HP: 125/243 MP: 35/35
 72664 | Depths:4 | Found a gate to the Realm of Zot.
 72849 | Depths:4 | Found Bomuidy's Firing Range.
 73705 | Vaults:5 | Entered Level 5 of the Vaults
 74237 | Vaults:4 | Learned a level 2 spell: Blink
 74486 | Vaults:4 | Received a gift from Okawaru
 74718 | Vaults:5 | Reached skill level 10 in Spellcasting
 77444 | Vaults:5 | Noticed an ancient lich
 77457 | Vaults:4 | Killed an ancient lich
 77651 | Vaults:5 | Received a gift from Okawaru
 77963 | Vaults:5 | Noticed a dread lich
 77986 | Vaults:5 | Killed a dread lich
 78118 | Vaults:5 | Identified the amulet of the Butterfly {Reflect rPois Int+2
                  | Dex+2 SH+5}
 78120 | Vaults:5 | Identified the ring "Ydecu" {rN+ Will+}
 78582 | Vaults:5 | Got a silver rune of Zot
 78775 | Vaults:5 | Identified the +2 scale mail of Bitterness {rN+ rCorr Int+3
                  | Slay-5}
 78998 | Vaults:5 | Identified the +8 short sword "Earthworm" {drain, rElec rC+
                  | rN++ Dex-2}
 79042 | Vaults:5 | Got Kikubaaqudgha's Codex of Atmospheric Unholy Liturgies
 79045 | Vaults:5 | Identified the +0 chain mail of the Dropbear {rElec rCorr
                  | Slay-3}
 79047 | Vaults:5 | Identified the amulet of Contentment {RegenMP rElec rN+}
 79078 | Vaults:5 | Identified the +2 robe of Sunlight {Int+4}
 79257 | Vaults:5 | Reached skill level 10 in Invocations
 79950 | Zot:1    | Entered Level 1 of the Realm of Zot
 79988 | Zot:1    | Noticed an orb of fire
 80003 | Zot:1    | Killed an orb of fire
 80590 | Zot:1    | Noticed an orb of fire
 80603 | Zot:1    | Identified the +0 spear "Odeohith" {flame, Str+4}
 80603 | Zot:1    | Gained mutation: Your body sometimes deteriorates upon
                  | taking damage. [an orb of fire]
 80610 | Zot:1    | Killed an orb of fire
 80611 | Zot:1    | Reached XP level 25. HP: 168/262 MP: 37/37
 80867 | Depths:4 | Received a gift from Okawaru
 82012 | Zot:1    | Got Sif Muna's Papyrus of The Black Sun
 82325 | Zot:1    | You fall into a shaft and drop 1 floor!
 82392 | Zot:2    | HP: 1/263 [electric golem/bolt of lightning (18)]
 83541 | Zot:1    | Learned a level 4 spell: Manifold Assault
 85025 | Zot:3    | Identified the +1 barding of the End {Regen+} (Okawaru
                  | gifted it to you on level 3 of the Realm of Zot)
 85025 | Zot:3    | Received a gift from Okawaru
 86823 | Zot:4    | Identified the ring of Iriudiot {Ice Will- Dex+3}
 86823 | Zot:4    | Noticed Josephina
 87321 | Zot:3    | Killed Josephina
 89806 | Zot:4    | Noticed Vv
 89836 | Zot:4    | Killed Vv
 90291 | Zot:4    | Reached XP level 26. HP: 216/276 MP: 39/39
 90311 | Zot:4    | Learned a level 4 spell: Passage of Golubria
 90425 | Zot:4    | Identified the +3 scale mail of Anozxob {Rampage Drain
                  | rN+++ Regen+}
 90462 | Zot:4    | Received a gift from Okawaru
 91825 | Zot:4    | Identified the +4 hand axe of the Keeping Gods {vorpal,
                  | rCorr}
 91949 | Zot:5    | Entered Level 5 of the Realm of Zot
 91949 | Zot:5    | Found a huge runed gate.
 91949 | Zot:5    | Found a huge runed gate.
 91949 | Zot:5    | Found a huge runed gate.
 91949 | Zot:5    | Found a huge runed gate.
 91949 | Zot:5    | Found a huge runed gate.
 91949 | Zot:5    | Found a huge runed gate.
 91949 | Zot:5    | Found a huge runed gate.
 91949 | Zot:5    | Found a huge runed gate.
 91950 | Zot:5    | Found a huge runed gate.
 91950 | Zot:5    | Found a huge runed gate.
 91950 | Zot:5    | Found a huge runed gate.
 91950 | Zot:5    | Found a huge runed gate.
 91955 | Zot:5    | Found a huge runed gate.
 91956 | Zot:5    | Found a huge runed gate.
 91976 | Zot:5    | Found a huge runed gate.
 91976 | Zot:5    | Found a huge runed gate.
 91976 | Zot:5    | Found a huge runed gate.
 91976 | Zot:5    | Found a huge runed gate.
 91976 | Zot:5    | Found a huge runed gate.
 91976 | Zot:5    | Found a huge runed gate.
 91976 | Zot:5    | Found a huge runed gate.
 92467 | Zot:5    | Noticed an orb of fire
 92470 | Zot:5    | Gained mutation: You have large cloven feet. [an orb of
                  | fire]
 92705 | Zot:5    | Gained mutation: You sometimes lose your temper in combat.
                  | [an orb of fire]
 92709 | Zot:5    | Killed an orb of fire
 92936 | Zot:5    | Found a huge runed gate.
 92936 | Zot:5    | Found a huge runed gate.
 92936 | Zot:5    | Found a huge runed gate.
 92937 | Zot:5    | Found a huge runed gate.
 92937 | Zot:5    | Found a huge runed gate.
 92937 | Zot:5    | Found a huge runed gate.
 92937 | Zot:5    | Found a huge runed gate.
 92938 | Zot:5    | Found a huge runed gate.
 92968 | Zot:5    | Noticed an orb of fire
 92968 | Zot:5    | Noticed an ancient lich
 92968 | Zot:5    | Noticed a dread lich
 92968 | Zot:5    | Noticed a dread lich
 92968 | Zot:5    | Noticed an orb of fire
 92969 | Zot:5    | Noticed an ancient lich
 92982 | Zot:4    | Killed an orb of fire
 93177 | Zot:4    | Gained mutation: You are dopey. (Int -2) [an orb of fire]
 93188 | Zot:4    | Killed an orb of fire
 93188 | Zot:4    | Received a gift from Okawaru
 93451 | Zot:5    | Killed a dread lich
 93885 | Zot:4    | Killed an ancient lich
 93983 | Zot:5    | Killed an ancient lich
 95379 | Zot:5    | Identified the +1 crystal plate armour "Pabazull" {Fly
                  | Dex+3} (Okawaru gifted it to you on level 5 of the Realm of
                  | Zot)
 95379 | Zot:5    | Received a gift from Okawaru
 95866 | Zot:5    | Noticed a dread lich
 95901 | Zot:5    | Killed a dread lich
 95914 | Zot:5    | Reached skill level 10 in Translocations
 96220 | Zot:5    | a Killer Klown changed into a juggernaut
 96220 | Zot:5    | Noticed a juggernaut
 96235 | Zot:5    | Killed a juggernaut
 97046 | Zot:5    | Noticed an orb of fire
 97063 | Zot:5    | Lost mutation: You sometimes lose your temper in combat.
                  | [an orb of fire]
 97065 | Zot:5    | Killed an orb of fire
 97068 | Zot:5    | Noticed an orb of fire
 97082 | Zot:5    | Killed an orb of fire
 97549 | Zot:5    | Killed a dread lich
 98051 | Zot:5    | Noticed a dread lich
 98060 | Zot:5    | Noticed an orb of fire
 98060 | Zot:5    | Noticed an orb of fire
 98065 | Zot:5    | Killed a dread lich
 98067 | Zot:5    | Gained mutation: You are frail. (-10% HP) [an orb of fire]
 98077 | Zot:5    | Killed an orb of fire
 98078 | Zot:5    | Gained mutation: You are weak. (Str -2) [an orb of fire]
 98083 | Zot:5    | Killed an orb of fire
 98261 | Zot:5    | Noticed an ancient lich
 98268 | Zot:5    | Killed an ancient lich
 98508 | Zot:5    | Reached XP level 27. HP: 136/260 MP: 37/39
 98740 | Zot:5    | Noticed an ancient lich
 98746 | Zot:5    | Killed an ancient lich
 98746 | Zot:5    | Identified the +0 barding of Xacwaow {Regen+ Dex+4}
                  | (Okawaru gifted it to you on level 5 of the Realm of Zot)
 98746 | Zot:5    | Received a gift from Okawaru
 98843 | Zot:5    | Got the Orb of Zot
 98899 | Zot:5    | Noticed Cuhympub the pandemonium lord
 98999 | Depths:4 | Identified the +0 tower shield of Lilacs {Str+3 Dex+4
                  | Slay+2}
 99008 | Depths:4 | Noticed a seraph
 99512 | D:$      | Escaped with the Orb!

Illustrated notes

Levels and vault maps discovered:
D:1:      elethiomel_arrival_quiet, layout_basic, minmay_misc_feat_x,
          minmay_pentomino_z4
D:2:      wad_woods_pond, layout_basic
D:3:      layout_loops_ring, nicolae_sif_muna_condensation, lemuel_round_altar,
          dk_yredelemnul_ordeal, hellmonk_ecumenical_altar_pennies_from_heaven
D:4:      layout_rooms
D:5:      layout_gridville, water_maze_lemuel
D:6:      layout_basic, mainiacjoe_overflow_alcove_1,
          minmay_temple_entry_statues_pillars, biasface_ghost_orc_armoury,
          serial_shops, nicolae_shop_crystal, interstate_on_off
D:7:      layout_loops_cross, pdpol_wu_jian_five_deadly_venoms, enter_bailey_3,
          uniq_crazy_yiuf_cottage
D:8:      layout_cave_pools, xom_redecorated, nicolae_overflow_hidden_temple,
          minmay_misc_feat_tower
D:9:      minmay_chambers_of_sixes, layout_loops_ring,
          gammafunk_temple_overflow_forgotten, serial_shops, shop,
          serial_undead, serial_undead_d, serial_undead_e, serial_undead_c,
          serial_undead_b, uniq_maggie
D:10:     minmay_the_grid_4x2 [minmay_the_grid_medium_cups,
          minmay_the_grid_embedded, minmay_the_grid_minigrid_small,
          minmay_the_grid_broken_lines, minmay_the_grid_doors,
          minmay_the_grid_large_cup, minmay_the_grid_outer_diamond,
          minmay_the_grid_prize_shrinking_boxes], layout_irregular_city
D:11:     layout_irregular_city, lair_entry_dummy, minmay_diced_spiral
D:12:     layout_roguey, david_orc_2, kennysheep_generic_room_16
D:13:     layout_basic, hangedman_vaults_entry_quadrant_bands,
          portal_ice_cave_demonic_guard, serial_shops, shop_scrolls
D:14:     layout_basic, nicolae_ru_the_path_less_chosen
D:15:     grunt_enter_depths_snipers, layout_loops_corners, ashenzari_altar_1,
          nicolae_elyvilon_peaceful_grove
Temple:   nicolae_temple_hex_pool
Lair:1:   layout_long_grid, uniq_gastronok
Lair:2:   layout_regular_city, skrybe_swamp_entry_bodies, dummy_snake_entry,
          ebering_ghost_xom, infiniplex_staircase_pool, grunt_megastairs_5
Lair:3:   layout_concentric_octagons
Lair:4:   layout_long_grid, minmay_lair_drake_nest, infiniplex_staircase_pool_2
Lair:5:   hangedman_lair_tendril_chambers, layout_regular_city, wormcave,
          nicolae_slime_entry_slimehenge
Swamp:1:  layout_falls_marsh, ebering_ghost_rock_garden,
          nicolae_swamp_very_dense_foliage
Swamp:2:  layout_basic_swamp, evilmike_swamp_ruin_house_3, swamp_pool5
Swamp:3:  layout_basic_swamp, evilmike_swamp_ruin_rubble_2, uniq_mara,
          uniq_jorgrun
Swamp:4:  swamp_alternative, layout_basic_swamp
Snake:1:  layout_rooms
Snake:2:  layout_cave_town, serial_bayou_shore_b
Snake:3:  layout_onion, serial_bayou_lagoon_b, nicolae_triple_integral,
          minmay_shop_grove
Snake:4:  minmay_snake_end_coiled, layout_onion_interference,
          serial_bayou_crossing, serial_bayou_shore_b
Orc:1:    layout_caves, nicolae_orc_stony_grotto
Orc:2:    grunt_orc_gardens, layout_caves, grunt_orc_garden, grunt_orc_garden,
          grunt_orc_garden, grunt_orc_garden, gammafunk_ghost_fury_of_okawaru,
          lightli_church_of_beogh, uniq_erolcha
Elf:1:    eino_elf_arrival_shootout, layout_geoelf_grid, minivault_28,
          hangedman_elf_represent
Elf:2:    nicolae_elf_blades_crystal_corner, layout_geoelf_diagonals,
          serial_shops, nicolae_shop_behind_doors, uniq_azrael
Elf:3:    minmay_elf_hall_four_x, layout_onion_city, minmay_curled_crystal,
          uniq_aizul, uniq_roxanne
Vaults:1: dpeg_vaults_monster_box, vaults_room_hallway,
          nicolae_vaults_gold_heap, nicolae_vaults_diagonal_hallway_8,
          v_misc_12, vaults_room_grunt_arrival_ludios, v_misc_3, v_pattern_4,
          vaults_room_stairs_pillars, layout_vaults_quadrants, serial_shops,
          nicolae_shop_advertising_works [nicolae_subvault_shop_adworks], shop
Vaults:2: vaults_dpeg_cross, st_greater_box_5, nicolae_vaults_theta, v_misc_24,
          minmay_crypt_entry_necro_gods, ontoclasm_vaults_fault,
          v_alt_pattern_2, nicolae_vaults_alarming, layout_vaults_chaotic_city,
          uniq_bai_suzhen
Vaults:3: hangedman_vaults_stagger, vaults_room_grunt_arrival_checkpoint,
          v_misc_12, v_misc_22, vaults_room_pools,
          nicolae_vaults_windows_and_doors_thing, v_misc_25,
          vaults_dpeg_encased_lava, st_smaller_cells, v_misc_29,
          nicolae_vaults_border_crossing, nicolae_vaults_little_squares_2,
          ontoclasm_vaults_decontamination, layout_vaults_omnicross,
          serial_shops, shop
Vaults:4: v_misc_29, hangedman_vaults_slice, vaults_mumra_chevron, v_pattern_5,
          v_misc_12, v_misc_16, vaults_dpeg_doors,
          nicolae_vaults_ring_of_whatevers, ontoclasm_vaults_loading_screen,
          vaults_room_door_ring, v_alt_pattern_1, ontoclasm_vaults_ring_square,
          vaults_mumra_minichess, hangedman_vaults_trim, ontoclasm_vaults_pinch,
          layout_vaults_ring, serial_shops, shop, nicolae_shop_waterfront, shop,
          shop
Vaults:5
Depths:1: layout_gridlike, hex_intersection, grunt_pan_entry_in_and_out,
          hell_entry, nzn_hepliaklqana_mist_gate, hangedman_decor_cross_pass
Depths:2: lemuel_firewalk_3, layout_cave_pools, lightli_too_deep,
          patterned_corridor, pan_entry, kennysheep_doodads
Depths:3: regret_index_uskayaw_diablada_macabre, layout_gridlike,
          enter_ziggurat_f, dk_noncrumbling_2, pf_dread_powers_of_hell,
          minmay_room_of_horrors, kb_rosetta, serial_bayou_shore_a,
          minmay_staircase_windowed_large, uniq_margery
Depths:4: grunt_zot_entry_bicorn, layout_cave_pools, hell_entry,
          chequers_serial_rivers_micro_b, nicolae_shop_firing_range
Zot:1:    dreamdust_black_sun_cult, layout_gridlike, grunt_megastairs_1
Zot:2:    layout_basic
Zot:3:    layout_onion_interference
Zot:4:    minmay_elemental_castle, layout_basic, st_single_dragon_hoard_4,
          lemuel_elevator, uniq_vv, uniq_josephina
Zot:5:    layout_misc_corridors, door_vault

Skill      XL: |  1  2  3  4  5  6  7  8  9 10 11 12 13 14 15 16 17 18 19 20 21 22 23 24 25 26 |
---------------+-------------------------------------------------------------------------------+-----
Fighting       | 2 3 4 5 6 7 9 10 11 12 13 15 18 19 20 21 22 23 24 25 26 | 26.1
Armour         | 1 2 3 4 6 8 9 11 13 14 16 17 18 20 21 22 24 25 26 27 | 27.0
Maces & Flails | 3 4 5 6 8 9 10 12 13 15 16 17 18 20 21 | 21.3
Shields        | 3 7 9 10 12 14 15 16 | 16.5
Dodging        | 6 8 |  8.0
Spellcasting   | 4 8 10 12 | 12.9
Invocations    | 1 6 10 | 10.2
Translocations | 5 8 10 | 10.0
Throwing       | |  1.7

Action                   |  1- 3 |  4- 6 |  7- 9 | 10-12 | 13-15 | 16-18 | 19-21 | 22-24 | 25-27 || total
-------------------------+-------+-------+-------+-------+-------+-------+-------+-------+-------++-------
Melee: Flail             |   101 |   216 |    39 |       |       |       |       |       |       ||   356
       Tailslap          |     9 |    20 |    28 |    85 |   337 |   261 |   353 |   390 |   291 ||  1774
       Rapier            |       |       |   151 |   164 |       |       |       |       |       ||   315
       Punch             |       |       |     2 |     4 |       |       |       |       |       ||     6
       Morningstar       |       |       |       |   371 |  1786 |  1234 |  1525 |    44 |       ||  4960
       Eveningstar       |       |       |       |       |       |       |       |  1669 |  1337 ||  3006
       Kick              |       |       |       |       |       |       |       |       |   215 ||   215
 Fire: Shortbow          |       |       |    33 |    55 |       |       |       |       |       ||    88
Throw: Javelin           |       |       |       |       |       |       |     1 |       |       ||     1
 Cast: Manifold Assault  |       |       |       |       |       |       |       |       |    45 ||    45
       Passage of Golubr |       |       |       |       |       |       |       |       |     2 ||     2
Invok: Heroism           |       |       |     1 |       |     2 |       |     5 |     7 |    12 ||    27
Evoke: Wand              |       |       |       |       |       |       |       |       |     2 ||     2
  Use: Scroll            |       |       |    13 |    10 |    12 |     5 |     7 |    23 |     6 ||    76
       Potion            |       |       |     2 |     1 |     1 |     1 |     5 |     1 |    10 ||    21
 Stab: Distracted        |       |       |       |       |       |     1 |       |     2 |     1 ||     4
       Confused          |       |       |       |       |       |       |       |       |     1 ||     1
Armor: Leather armour    |    53 |       |       |       |       |       |       |       |       ||    53
       Ring mail         |    14 |   116 |    52 |       |       |       |       |       |       ||   182
       Ice dragon scales |       |       |    14 |   521 |  1043 |   608 |   905 |   383 |       ||  3474
       Skin              |       |       |    13 |       |       |       |       |       |       ||    13
       Gold dragon scale |       |       |       |       |       |       |       |   425 |   666 ||  1091
Dodge: Dodged            |    39 |   160 |    79 |   271 |   334 |   200 |   378 |   237 |   123 ||  1821
       Repelled          |       |       |     1 |     2 |       |       |       |       |       ||     3
Block: Other             |       |    33 |    47 |    94 |       |       |       |       |       ||   174
       Reflection        |       |     1 |     2 |     7 |    65 |    96 |    64 |    84 |    28 ||   347
       Kite shield       |       |       |       |   108 |  1708 |  1027 |  1282 |   716 |       ||  4841
       Tower shield      |       |       |       |       |       |       |       |  1005 |  1533 ||  2538

Table legend: (Time is in decaauts)
 A = Elapsed time spent in this place.
 B = Non-inter-level travel time spent in this place.
 C = Inter-level travel time spent in this place.
 D = Time resting spent in this place.
 E = Time spent auto-exploring this place.
 F = Levels seen in this place.
 G = Mean time per level.
                   A        B        C        D        E       F      G
               +--------+--------+--------+--------+--------+-----+--------+
         Total |  98657 |  93188 |   5469 |  37992 |  34979 |  50 | 1973.1 |
       Dungeon |  17674 |  15718 |   1956 |   2849 |   9501 |  15 | 1178.3 |
        Temple |     82 |     44 |     38 |      0 |     30 |   1 |   82.0 |
          Lair |   7478 |   7057 |    421 |   1410 |   4055 |   5 | 1495.6 |
         Swamp |   6546 |   6276 |    270 |   3286 |   1966 |   4 | 1636.5 |
     Snake Pit |   8035 |   7745 |    290 |   3176 |   2983 |   4 | 2008.8 |
  Orcish Mines |   5347 |   5147 |    200 |   3287 |   1076 |   2 | 2673.5 |
   Elven Halls |   8109 |   7841 |    268 |   3376 |   2229 |   3 | 2703.0 |
        Vaults |  16907 |  15518 |   1389 |   5883 |   6607 |   5 | 3381.4 |
        Depths |   8327 |   7926 |    401 |   3544 |   2656 |   4 | 2081.8 |
           Zot |  18221 |  17989 |    232 |  10339 |   3267 |   5 | 3644.2 |
        Bailey |    781 |    781 |      0 |    457 |    153 |   1 |  781.0 |
      Ice Cave |   1146 |   1146 |      0 |    382 |    456 |   1 | 1146.0 |
               +--------+--------+--------+--------+--------+-----+--------+

Top non-repeatable levels by time:
Vaults:4: 5728 daAuts
   Zot:5: 5708 daAuts
   Zot:4: 4918 daAuts
   Orc:1: 3252 daAuts
   Elf:3: 3191 daAuts
   Elf:2: 3075 daAuts
Vaults:2: 3047 daAuts
   Zot:1: 3018 daAuts
 Snake:4: 2929 daAuts
Vaults:1: 2926 daAuts
Vaults:3: 2910 daAuts
  Lair:5: 2871 daAuts
 Swamp:3: 2729 daAuts
Depths:4: 2719 daAuts
   Zot:3: 2671 daAuts
